[Event "Late-Titled-Tuesday-Blitz-June-04-2024"]
[Site "Chess.com"]
[Date "2024.06.04"]
[Round "4"]
[White "whiteglovethief"]
[Black "emeli_chess"]
[Result "1-0"]
[WhiteElo "2530"]
[BlackElo "2367"]
[TimeControl "180+1"]
[EndTime "14:39:21 PDT"]
[Termination "whiteglovethief won by checkmate"]

1. d4 Nf6 2. c4 e6 3. Nf3 d5 4. g3 dxc4 5. Bg2 Nc6 6. O-O Rb8 7. a4 a6 8. a5 Bd6 9. Nbd2 e5 10.
Nxc4 exd4 11. Nxd4 Nxd4 12. Qxd4 Be7 13. Qxd8+ Bxd8 14. Bf4 O-O 15. Rac1 Be6 16. Rfd1 h6 17. h4 Re8 18. Ne3 Nh5 19. Bxc7 Bxc7 20. Rxc7 b6 21. b4 bxa5 22. bxa5 Rb2 23. Bf3 g6 24. Ra7 Bh3 25. Bxh5 gxh5 26. Rxa6 Rxe2 27. Rxh6 Bg4 28. Ra1 Bf3 29.
a6 Rb8 30. a7 Rbb2 31. Rf6 Ba8 32. Nc4 Rb4 33. Nb6 Bb7 34. a8=Q+ Bxa8 35. Rxa8+ Kg7 36.
Nd5 Rb1+ 37. Kg2 Rbb2 38. Rf3 Rbd2 39. Nf4 Re1 40. Nxh5+ Kg6 41. Nf4+ Kg7 42. Ra5 Rdd1 43. Rg5+ Kh6 44. Nh3 f6 45. Rxf6+ Kh7 46. Rf7+ Kh6 47. Nf4 Rg1+ 48. Kf3 Rxg3+ 49. fxg3 Rd3+ 50. Ke4 Rd4+ 51. Ke5 Rd5+ 52. Kf6 Rd6+ 53. Ne6 Rxe6+ 54. Kf5 Re5+ 55. Kf4 Re4+ 56. Kf3 Re3+ 57. Kg2 Re2+ 58. Rf2 Re6 59. Rf8 Re3 60. Rh8# 1-0

[Event "Late-Titled-Tuesday-Blitz-June-04-2024"]
[Site "Chess.com"]
[Date "2024.06.04"]
[Round "4"]
[White "Kielinkei"]
[Black "Bob_2004"]
[Result "0-1"]
[WhiteElo "2442"]
[BlackElo "2645"]
[TimeControl "180+1"]
[EndTime "14:39:22 PDT"]
[Termination "Bob_2004 won by resignation"]

1. c4 e6 2. g3 d5 3. Bg2 Nf6 4. Nf3 Be7 5. b3 O-O 6. O-O d4 7. Bb2 c5 8. e3 Nc6 9. exd4 cxd4 10.
d3 e5 11. Re1 Qc7 12. Nbd2 Bf5 13. Qe2 Rfe8 14. Nh4 Bg4 15. Bf3 Bxf3 16. Qxf3 Bb4 17.
Ne4 Nxe4 18. Rxe4 g6 19. g4 Be7 20. Qg3 Bg5 21. Bc1 Bxc1 22. Rxc1 Qa5 23. Kh1 Qxa2 24.
Rg1 Qxb3 25. Nf5 Qa3 26. Qh4 Qf8 27. Nh6+ Kh8 28. g5 a5 29. Ng4 Re6 30. Nf6 h5 31. gxh6 Ne7 32. Nd7 Qg8 33. Nxe5 Nf5 34. Qg5 Qh7 35.
Rge1 Rae8 36. Ng4 Rxe4 37. Rxe4 Rg8 38. Rf4 Rf8 39. Qf6+ Kg8 40. Re4 Nxh6 41. Ne5 Qg7 42. Qh4 f6 43. Ng4 Nxg4 44. Rxg4 Qh7 45. Qg3 Kg7 46. Qc7+ Rf7 47. Qd6 Qh5 48. Rxd4 Qe5 49. Qxe5 fxe5 50. Rd5 b6 51. Rxe5 Rxf2 52. Rb5 Rf6 53.
c5 Rf5 54. Rxa5 bxa5 55. c6 Rc5 56. d4 Rxc6 57. d5 Rd6 58. Kg2 Rxd5 0-1

[Event "Late-Titled-Tuesday-Blitz-June-04-2024"]
[Site "Chess.com"]
[Date "2024.06.04"]
[Round "4"]
[White "arnoldpetra"]
[Black "AsaHoffmann"]
[Result "1-0"]
[WhiteElo "2496"]
[BlackElo "2266"]
[TimeControl "180+1"]
[EndTime "14:39:22 PDT"]
[Termination "arnoldpetra won on time"]

1. d4 Nf6 2. c3 d6 3. Nf3 Bf5 4. Bf4 Nbd7 5. h3 c6 6. a4 h6 7. Na3 Qc7 8. e3 e5 9. Bh2 Be7 10. Be2 O-O 11. O-O Rfe8 12. Re1 Bf8 13. Bf1 a6 14. Qb3 b5 15. Red1 Rab8 16. axb5 axb5 17. Nc2 c5 18. dxe5 dxe5 19. Na3 c4 20. Qa2 Qc5 21. b4 cxb3 22. Qxb3 b4 23. cxb4 Rxb4 24. Qa2 Ra8 25. Qd2 Rba4 26. Nh4 Ne4 27. Qc1 Be6 28. Nc2 Rxa1 29. Nxa1 Qa5 30. Nf3 f6 31. Bc4 Qb6 32.
Nb3 Ba3 33. Bxe6+ Qxe6 34. Qc2 Nb6 35. Qxe4 Qxb3 36. Rb1 Qe6 37. Rxb6 Qxb6 38. Qxa8+ Kh7 39. Bg3 Bc5 40. Qe4+ Kh8 41. Nh4 Qb4 42. Qxb4 Bxb4 43. e4 Kh7 44. f3 g6 45. Bf2 Kg7 46. g4 Kf7 47. Ng2 h5 48. Kf1 hxg4 49. hxg4 Ke6 50. Ke2 f5 51. Be3 fxg4 52. fxg4 Kf6 53. Kd3 Bd6 54. Nh4 Be7 55. Nf3 Ke6 56. Kc4 Bd6 57. Ng5+ Kf6 58. Kd5 Bb8 59. Nf3 Bc7 60. Bg5+ Kf7 61.
Nxe5+ Kg7 62. Nf3 Kf7 63. e5 Ke8 64. Ke6 Bb6 65. Bf6 1-0

[Event "Late-Titled-Tuesday-Blitz-June-04-2024"]
[Site "Chess.com"]
[Date "2024.06.04"]
[Round "4"]
[White "MITerryble"]
[Black "mbojan"]
[Result "0-1"]
[WhiteElo "3022"]
[BlackElo "2854"]
[TimeControl "180+1"]
[EndTime "14:39:23 PDT"]
[Termination "mbojan won by resignation"]

1. d4 a6 2. e4 e6 3. Nf3 d5 4. exd5 exd5 5. Bd3 Bd6 6. O-O Ne7 7. c4 dxc4 8. Bxc4 O-O 9. Nc3 Nbc6 10. Re1 Ng6 11. Bg5 Nce7 12. Ne5 Bxe5 13. dxe5 Be6 14. Bxe6 fxe6 15. Qb3 Qc8 16. Bxe7 Nxe7 17. Rad1 h6 18. Rd3 Nc6 19. g3 b5 20. f4 Na5 21. Qb4 Nc4 22. Ne4 Rd8 23. Red1 Rxd3 24. Rxd3 Qb7 25. Nf2 Qb6 26. Qe7 Kh8 27. b4 Ne3 28. Qc5 Qxc5 29. bxc5 Nd5 30. f5 c6 31. f6 Kg8 32. Ne4 a5 33. Rf3 a4 34. a3 b4 35. axb4 a3 36. Rf1 a2 37. Ra1 Nxb4 38. Nc3 gxf6 39. exf6 Kf7 40. Kf2 Kxf6 41. Ke2 Ke5 42. Kd2 Kd4 43. g4 Kc4 44. Ne2 Kb3 45. Nd4+ Kb2 46. Rxa2+ Rxa2 47. Nxe6 Kb3+ 48. Ke3 Kc4 49. h4 Kd5 50. Nf4+ Kxc5 51.
Ne6+ Kd6 52. Ng7 Nd5+ 53. Kf3 Ne7 54. Nh5 Ra3+ 55. Kf4 Ra4+ 56. Kg3 Nd5 57. Ng7 Ra3+ 58. Kf2 Ne7 59. Nh5 Ke6 60. Nf4+ Kf7 61. Ne2 Ng6 62.
h5 Ne5 0-1

[Event "Late-Titled-Tuesday-Blitz-June-04-2024"]
[Site "Chess.com"]
[Date "2024.06.04"]
[Round "4"]
[White "bazar-wokzal"]
[Black "lachesisQ"]
[Result "0-1"]
[WhiteElo "2585"]
[BlackElo "3037"]
[TimeControl "180+1"]
[EndTime "14:39:23 PDT"]
[Termination "lachesisQ won on time"]

1. e4 c5 2. c3 d5 3. exd5 Qxd5 4. d4 Nf6 5. Nf3 e6 6. a3 Nc6 7. Be3 cxd4 8. cxd4 Be7 9. Nc3 Qd8 10. Qc2 O-O 11.
Bd3 Bd7 12. O-O Rc8 13. Rad1 Re8 14. Bg5 h6 15. Be3 Bf8 16. Qd2 Ne7 17. Ne5 a6 18. Bb1 Ned5 19. Qd3 Bc6 20. Ng4 Be7 21. Nxd5 Qxd5 22.
Nxf6+ Bxf6 23. Qh7+ Kf8 24. f3 Red8 25. Be4 Qb3 26. Rd3 Bxe4 27. Qh8+ Ke7 28. Qxd8+ Rxd8 29. Rxb3 Bc6 30. Rc3 Bxd4 31. Bxd4 Rxd4 32. Rf2 g5 33. Rcc2 Rd1+ 34. Rf1 Rd3 35. Kf2 h5 36. Re1 f6 37.
Rc3 Rd4 38. Re2 e5 39. Rcc2 g4 40. Red2 Rf4 41. Rc3 gxf3 42. gxf3 Ke6 43. Rd8 h4 44. Ke2 Kf5 45. Rg8 Rd4 46. Rh8 Bb5+ 47. Ke3 Rd1 48.
Rxh4 Re1+ 49. Kf2 Re2+ 50. Kg3 Rxb2 51. Rc7 Rb3 52. Rh5+ Kg6 53. Rch7 Bc6 54. R5h6+ Kf5 55. Rh5+ Ke6 56. h4 Rxa3 57. R5h6 Rxf3+ 58. Kg4 Rf4+ 59. Kg3 a5 60. Rc7 a4 61. Rc8 a3 62. Ra8 Ra4 0-1

[Event "Late-Titled-Tuesday-Blitz-June-04-2024"]
[Site "Chess.com"]
[Date "2024.06.04"]
[Round "4"]
[White "Kirill_Klukin"]
[Black "Chigorinetz"]
[Result "1-0"]
[WhiteElo "2822"]
[BlackElo "2550"]
[TimeControl "180+1"]
[EndTime "14:39:23 PDT"]
[Termination "Kirill_Klukin won on time"]

1. d4 d5 2. c4 Nc6 3. Nf3 Bg4 4. cxd5 Bxf3 5. dxc6 Bxc6 6. Nc3 e6 7. Bf4 Nf6 8. e3 a6 9. Qc2 h6 10. O-O-O b5 11. f3 Qd7 12. e4 b4 13. d5 bxc3 14. dxc6 Qxc6 15. Qxc3 Qxc3+ 16. bxc3 Bd6 17. Bxd6 cxd6 18.
Rxd6 Ke7 19. Rxa6 Rxa6 20. Bxa6 Ra8 21. Bc4 Rc8 22. Bb3 Rxc3+ 23. Kd2 Rc7 24. Rc1 Ra7 25. Kc3 Nd7 26. a4 Nc5 27. Ra1 Kd6 28. Bd1 g5 29.
a5 Rc7 30. Kd2 Kc6 31. Ke3 Ra7 32. Ra2 Kb5 33. Be2+ Kb4 34. a6 e5 35. g3 f6 36.
h4 Nb3 37. Bd3 Nc5 38. Rb2+ Kc3 39. Rc2+ Kb4 40. Rc4+ Kb5 41. Rc1+ Kb4 42. Be2 Ra8 43. Rb1+ Kc3 44. Rb6 Rd8 45. Rxf6 gxh4 46. gxh4 h5 47. a7 Ra8 48. Rf7 Ne6 49. Rb7 Nc5 50. Rc7 Kb4 51. Re7 Nb3 52. Rxe5 Rxa7 53. Rxh5 Ra1 54. Rd5 Rh1 55.
h5 Nc5 56. f4 Rh3+ 57. Bf3 Na4 58. Rg5 Nb6 59. f5 1-0

[Event "Late-Titled-Tuesday-Blitz-June-04-2024"]
[Site "Chess.com"]
[Date "2024.06.04"]
[Round "4"]
[White "Lavandum24"]
[Black "osielchesslover2011"]
[Result "0-1"]
[WhiteElo "1840"]
[BlackElo "2230"]
[TimeControl "180+1"]
[EndTime "14:39:23 PDT"]
[Termination "osielchesslover2011 won by resignation"]

1. d4 Nf6 2. c4 g6 3. Nc3 Bg7 4. e4 d6 5. Nf3 O-O 6. Be3 e5 7. d5 h6 8. h4 Nh5 9. Be2 Nf4 10.
Bxf4 exf4 11. Qd2 Qf6 12. g3 fxg3 13. fxg3 Bg4 14. Rf1 Qe7 15. Qd3 Nd7 16. Nd4 Nc5 17.
Qe3 Bxe2 18. Ndxe2 Rae8 19. Kd2 Nxe4+ 20. Nxe4 Qxe4 21.
Qxe4 Rxe4 22. Rf4 Rfe8 23. Rxe4 Rxe4 24. Kd3 f5 25. Rb1 Kf7 26. b3 Be5 27. Rf1 Rg4 28. Rf3 Kf6 29. Ke3 g5 30. hxg5+ hxg5 31. Kd3 f4 32. gxf4 gxf4 33. Ke4 Kg5 34. Nd4 Bxd4 35. Kxd4 Rg3 36. Rf1 Kg4 37. Ke4 f3 38. Ke3 Rh3 39.
Rg1+ Rg3 40. Rf1 a5 41. Rf2 b6 42. Rf1 Rh3 43. Rg1+ Rg3 44. Rf1 f2+ 45. Kxf2 Rf3+ 46. Ke2 Rxf1 47. Kxf1 Kf3 48. Ke1 Ke3 49. Kd1 Kd3 50.
Kc1 Kc3 51. Kb1 a4 52. bxa4 Kxc4 53. Kc2 Kxd5 54. Kc3 Kc5 55. a3 d5 56. Kd3 d4 57.
Kd2 Kc4 58. Kc2 d3+ 59. Kd2 Kd4 0-1

[Event "Late-Titled-Tuesday-Blitz-June-04-2024"]
[Site "Chess.com"]
[Date "2024.06.04"]
[Round "4"]
[White "Likvidator228"]
[Black "Jospem"]
[Result "0-1"]
[WhiteElo "2584"]
[BlackElo "3029"]
[TimeControl "180+1"]
[EndTime "14:39:25 PDT"]
[Termination "Jospem won by resignation"]

1. d4 Nf6 2. Nf3 e6 3. Bf4 b6 4.
e3 Bb7 5. h3 d6 6. Nbd2 Nbd7 7.
a4 h6 8. a5 Be7 9. c3 Rb8 10. axb6 axb6 11. Bb5 O-O 12. O-O Ne4 13. Nxe4 Bxe4 14. Bd3 Bb7 15. e4 Nf6 16. Qe2 Ra8 17. e5 dxe5 18. Bxe5 c5 19. dxc5 bxc5 20. Rfd1 Qb6 21. Nh2 Rad8 22. Nf1 Qc6 23. Ne3 Nd7 24. Bb5 Qc8 25. Bg3 Nf6 26. Nc4 Bd5 27. Nb6 Qb7 28. Nxd5 Rxd5 29. Bc4 Rdd8 30. Be5 Rfe8 31. Bb5 Rf8 32. Bc4 Qb6 33. b3 Qb7 34. Rxd8 Rxd8 35. Rd1 Ra8 36. Qe3 Qc6 37. Qd3 Rf8 38. Bb5 Qb6 39.
Bc4 Rd8 40. Qe2 Nd7 41. Bf4 Nf8 42. Rxd8 Qxd8 43. Qd2 Qb6 44. Be3 Qc6 45. Qd3 Ng6 46. Bb5 Qa8 47. Qd1 Nh4 48. Bf1 Nf5 49. Qd3 Qa3 50. c4 Qa1 51. g3 Qa5 52. Kg2 Qb4 53. Be2 Bf6 54. Bd2 Qb6 55. Be1 Nd4 56. Bd1 Qb7+ 57.
f3 Nf5 58. Bf2 Bd4 59. g4 Ne7 60. Bxd4 cxd4 61. Qxd4 Ng6 62. Qd8+ Nf8 63. Qd4 Qc7 64. c5 Ng6 65. Bc2 Nf4+ 66. Kf2 Nd5 67. Qc4 Qh2+ 68.
Ke1 Ne3 69. Qd4 Nxc2+ 0-1

[Event "Late-Titled-Tuesday-Blitz-June-04-2024"]
[Site "Chess.com"]
[Date "2024.06.04"]
[Round "4"]
[White "FMOlexandrProhorov"]
[Black "xasid81"]
[Result "0-1"]
[WhiteElo "2373"]
[BlackElo "2638"]
[TimeControl "180+1"]
[EndTime "14:39:25 PDT"]
[Termination "xasid81 won on time"]

1. Nf3 a6 2. a4 e6 3. g3 b6 4. Bg2 Bb7 5. O-O Nf6 6. d3 g6 7.
e4 Bg7 8. Re1 O-O 9. Nbd2 d6 10.
Qe2 Nbd7 11. c3 Re8 12. d4 e5 13. Qd3 exd4 14. cxd4 c5 15. d5 Ng4 16. Nc4 Nde5 17.
Ncxe5 Nxe5 18. Qd1 Nxf3+ 19. Qxf3 Bxd5 20. Bf4 Bc6 21.
Rad1 Be5 22. b3 Qf6 23. Qd3 Bxf4 24. gxf4 Qxf4 25. Qxd6 Qxd6 26. Rxd6 Rac8 27. e5 Bxg2 28. Kxg2 Re6 29. Red1 b5 30. axb5 axb5 31. f4 c4 32. bxc4 bxc4 33. Rd8+ Re8 34. Rxe8+ Rxe8 35. Kf3 Rc8 36.
Rc1 f6 37. Ke4 Kf7 38. Kd5 c3 39. Rc2 Ke7 40. h4 Kf7 41. exf6 Kxf6 42. Ke4 Rc4+ 43. Ke3 Kf5 44. Kd3 Rxf4 45. Kxc3 Rxh4 46. Rf2+ Rf4 47.
Rh2 h5 48. Kd3 h4 49. Ke3 g5 50. Ra2 Kg4 51. Rg2+ Kh5 52. Rg1 Rf8 53. Rg2 h3 54.
Rg1 Kh4 55. Ke2 g4 56. Ke3 h2 57. Ra1 Kh3 58. Rd1 g3 59. Rd7 Kg2 60. Rh7 h1=Q 0-1

[Event "Late-Titled-Tuesday-Blitz-June-04-2024"]
[Site "Chess.com"]
[Date "2024.06.04"]
[Round "4"]
[White "AldokhinIvan"]
[Black "Bkmzzzzz"]
[Result "1-0"]
[WhiteElo "2641"]
[BlackElo "2411"]
[TimeControl "180+1"]
[EndTime "14:39:25 PDT"]
[Termination "AldokhinIvan won by resignation"]

1. e4 d6 2. d4 Nf6 3. Nc3 e5 4. Nf3 Nbd7 5. Bc4 Be7 6. g4 Nb6 7. Be2 Bxg4 8. Rg1 exd4 9. Nxd4 Bxe2 10. Qxe2 g6 11. a4 a6 12. a5 Nbd7 13. Bh6 Nc5 14. O-O-O Qd7 15. e5 dxe5 16. Qxe5 Qd6 17. Qe3 Ne6 18. Nf5 Qc5 19. Nxe7 Qxe3+ 20. Bxe3 Kxe7 21. Rde1 Rhd8 22. Bg5 Rd4 23. Re3 h6 24. Bxh6 Nd5 25. Nxd5+ Rxd5 26. Bf4 Rxa5 27. Kb1 Rc8 28. Be5 Rd5 29. Bc3 c6 30. Kc1 b5 31. b3 c5 32.
Rge1 Rcd8 33. f3 R8d7 34. h4 Kf8 35. Re4 Nc7 36. Rg4 Ne6 37. Rge4 Rf5 38. R1e3 Rdd5 39. Rg4 Rh5 40. Rge4 Rdf5 41. Rg4 Ke7 42. Rge4 Kd6 43. Rd3+ Kc6 44. Rde3 b4 45. Bb2 a5 46. Rd3 Rd5 47. Rde3 Kb5 48. Kb1 a4 49. bxa4+ Kxa4 50. c3 Kb5 51. cxb4 cxb4 52. Rb3 Rd4 53. Bxd4 Nxd4 54. Rxd4 Kc5 55. Rbxb4 Rh8 56. Rbc4+ Kb5 57. Kc2 f6 58.
Kc3 Ra8 59. Rd5+ Kb6 60. Rf4 Ra3+ 61. Kb4 1-0

[Event "Late-Titled-Tuesday-Blitz-June-04-2024"]
[Site "Chess.com"]
[Date "2024.06.04"]
[Round "4"]
[White "destroyer305"]
[Black "campochess"]
[Result "1-0"]
[WhiteElo "2446"]
[BlackElo "2176"]
[TimeControl "180+1"]
[EndTime "14:39:27 PDT"]
[Termination "destroyer305 won by resignation"]

1. e4 c5 2. d4 cxd4 3. c3 d5 4.
exd5 Nf6 5. Nf3 Qxd5 6. Qxd4 Nc6 7. Qxd5 Nxd5 8. Be2 g6 9. O-O Bg7 10. Rd1 e6 11.
Nbd2 O-O 12. Ne4 h6 13. Nd6 Rd8 14. Nxc8 Raxc8 15. Bd2 Nde7 16. Be3 Nf5 17. Bf4 Rxd1+ 18. Rxd1 Rd8 19. Rxd8+ Nxd8 20. g4 Ne7 21. Be3 Ndc6 22. Bc4 Nd5 23. Bxd5 exd5 24. Kf1 a5 25. Ke2 a4 26.
Kd3 a3 27. b3 Bf8 28. Bc1 f6 29. b4 d4 30. Nxd4 Ne5+ 31. Ke2 Nxg4 32. h3 Ne5 33. Bxa3 Kf7 34. Bc1 h5 35. f4 Nc4 36. Kd3 Nd6 37. c4 Nc8 38. c5 Ne7 39. Kc4 Nc8 40. b5 Ke7 41. a4 Kd7 42. Bb2 g5 43. a5 g4 44.
hxg4 hxg4 45. Nf5 Ke6 46. Nd4+ Kd7 47. Nf5 Ke6 48. Ng3 Bh6 49. Bc1 f5 50. Be3 Bg7 51. a6 bxa6 52. b6 Nxb6+ 53. cxb6 Kd6 54. Bd4 Bf8 55. Nxf5+ Kc6 56. Ne3 g3 57. f5 a5 58.
f6 a4 59. f7 a3 60. Kb3 Bh6 61. Nf5 Bf8 62. Nxg3 Kd5 63. b7 Bd6 64. f8=Q 1-0

[Event "Late-Titled-Tuesday-Blitz-June-04-2024"]
[Site "Chess.com"]
[Date "2024.06.04"]
[Round "4"]
[White "crazy_but_lazy"]
[Black "AlexeiShirov"]
[Result "1-0"]
[WhiteElo "2646"]
[BlackElo "2886"]
[TimeControl "180+1"]
[EndTime "14:39:30 PDT"]
[Termination "crazy_but_lazy won by resignation"]

1. e4 e5 2. Nf3 Nc6 3. Bc4 Nf6 4. Ng5 d5 5. exd5 Na5 6. Bb5+ c6 7. dxc6 bxc6 8. Be2 h6 9. Nh3 g5 10. d3 Bg7 11. Nc3 Nd5 12. Ng1 Nf4 13. Bf3 O-O 14. g3 Ne6 15. h4 f5 16. hxg5 hxg5 17. Nge2 g4 18. Bg2 f4 19. Be4 f3 20. Ng1 Kf7 21.
Be3 Rb8 22. b3 Nd4 23. Qd2 Qd6 24. Na4 Nb7 25. c3 Nb5 26. Nb2 Na3 27. Nc4 Nxc4 28. dxc4 Qxd2+ 29. Kxd2 Nd6 30. Bxc6 Bb7 31. Bd5+ Kg6 32. Rd1 Ne4+ 33. Kc2 Bxd5 34. cxd5 Rfc8 35. c4 a5 36. a4 Nc5 37. Bxc5 Rxc5 38. Rh4 Kg5 39.
d6 Rd8 40. Rh7 Bf6 41. d7 Kf5 42. Rh5+ Ke6 43. Rh6 Ke7 44. Rg6 e4 45. Rxg4 Re5 46. Re1 Rxd7 47. Rgxe4 Rxe4 48. Rxe4+ Kf7 49. Nxf3 Rd6 50.
Rf4 Kg6 51. Nd2 Re6 52. Nf3 Re2+ 53. Kd3 Rb2 54. Rg4+ Kf5 55. Rf4+ Kg6 56. Nd4 Bg5 57. Rg4 Rxf2 58. Ne6 Kf5 59. Rxg5+ Kxe6 60. Rxa5 Rf3+ 61. Kc2 Rxg3 62. Rd5 1-0

[Event "Late-Titled-Tuesday-Blitz-June-04-2024"]
[Site "Chess.com"]
[Date "2024.06.04"]
[Round "4"]
[White "SaraciNderim"]
[Black "Der_Honigdachs"]
[Result "1-0"]
[WhiteElo "2898"]
[BlackElo "2538"]
[TimeControl "180+1"]
[EndTime "14:39:30 PDT"]
[Termination "SaraciNderim won on time"]

1. b3 d5 2. Bb2 e6 3. e3 Nf6 4. Nf3 Bd6 5. c4 c5 6. Qc2 O-O 7. Be2 Nc6 8. a3 Re8 9. cxd5 exd5 10.
d4 cxd4 11. Nxd4 Ne4 12. O-O Qg5 13. Nd2 Bh3 14. Bf3 Ne5 15. Bxe4 dxe4 16. Qxe4 Nc4 17.
Qf3 Bg4 18. Nxc4 Bxf3 19. Nxf3 Qe7 20. Rfd1 Bc7 21. a4 Rad8 22. Bd4 b6 23. g3 f6 24.
Rac1 Be5 25. Nfxe5 fxe5 26. Nxe5 Qe6 27. b4 Rc8 28. b5 Rxc1 29. Rxc1 Rc8 30. Nc6 Ra8 31.
h4 Qb3 32. Ne7+ Kf7 33. Rc7 Ke6 34. Nc6 Qxa4 35. e4 Qxb5 36. Bxg7 Qb1+ 37. Kh2 Qxe4 38. Re7+ Kd5 39. Rxe4 Kxe4 40. g4 a5 41. h5 b5 42.
Kg3 b4 43. g5 Ra6 44. g6 hxg6 45. h6 Rxc6 46. h7 Rc8 47. f3+ Kf5 48. h8=Q Rxh8 49.
Bxh8 a4 50. Bd4 a3 51. Bc5 a2 52. Bd4 b3 53. Bb2 Ke6 54. Kf4 Kd5 55. Ke3 Ke6 56. Ke4 Kd6 57. Kf4 Ke6 58. Kg5 Kf7 59. f4 1-0

[Event "Late-Titled-Tuesday-Blitz-June-04-2024"]
[Site "Chess.com"]
[Date "2024.06.04"]
[Round "4"]
[White "slidingknight2775"]
[Black "baki83"]
[Result "0-1"]
[WhiteElo "2669"]
[BlackElo "2914"]
[TimeControl "180+1"]
[EndTime "14:39:31 PDT"]
[Termination "baki83 won on time"]

1. d4 d5 2. c4 e6 3. Nf3 Nf6 4. g3 a6 5. Bg2 dxc4 6. O-O Nc6 7. Qd2 Rb8 8. Ne5 Nxe5 9. dxe5 Nd7 10. Rd1 Be7 11.
Qf4 O-O 12. Nc3 Qe8 13. Qxc4 c5 14. Bf4 b5 15. Qd3 g5 16. Bc6 gxf4 17. Bxd7 Bxd7 18. Qxd7 fxg3 19. hxg3 Qxd7 20. Rxd7 Rfe8 21. Ne4 c4 22. Nf6+ Bxf6 23. exf6 Red8 24. Rad1 Rxd7 25. Rxd7 h6 26. Kf1 Rc8 27. Ke1 c3 28. bxc3 Rxc3 29. a4 bxa4 30. Rd4 a3 31. Ra4 Kh7 32. Kd2 Rc6 33. Rxa3 Kg6 34.
Rf3 e5 35. Ra3 Kxf6 36. g4 Kg5 37. f3 f5 38. gxf5 Kxf5 39. Ke3 h5 40. Ra4 Rh6 41. Kf2 h4 42. Kg2 Kg5 43. Rg4+ Kf5 44. Rg8 Kf4 45.
Kf2 h3 46. e3+ Kf5 47. Kg1 Ke6 48. Ra8 Kd5 49. f4 exf4 50. exf4 Ke4 51. Rf8 Rh4 52.
Ra8 Rh6 53. Rf8 a5 54. Ra8 Rh5 55. Rf8 Rf5 56. Re8+ Kxf4 57. Kh2 Rh5 58. Ra8 Ke4 59. Re8+ Kd3 60. Rc8 Kd2 61. Rc7 Rh4 0-1

[Event "Late-Titled-Tuesday-Blitz-June-04-2024"]
[Site "Chess.com"]
[Date "2024.06.04"]
[Round "4"]
[White "ManMish2"]
[Black "JosephRyan"]
[Result "1-0"]
[WhiteElo "2631"]
[BlackElo "2211"]
[TimeControl "180+1"]
[EndTime "14:39:31 PDT"]
[Termination "ManMish2 won on time"]

1. e4 e6 2. d4 d5 3. Nd2 Nf6 4. e5 Nfd7 5. c3 c5 6. f4 Nc6 7. Ndf3 Qb6 8. g3 f6 9. Bd3 f5 10.
Ne2 Be7 11. O-O a5 12. a4 cxd4 13. cxd4 Ndb8 14. h3 Nb4 15. Bb1 N8c6 16. g4 g6 17. Nc3 Bd7 18. Be3 O-O-O 19. Nb5 Kb8 20. Qe2 Na7 21. Nc3 Rc8 22. Nd2 h5 23. g5 Rc7 24. Nb3 Rhc8 25. Nc5 Bxc5 26. dxc5 Qa6 27. Qf2 Qc4 28. Rc1 Qb3 29. Ra3 Qc4 30. Nb5 Bxb5 31. Rxc4 Bxc4 32. Rc3 Nac6 33. b3 Ba6 34. Bd4 Rd8 35. h4 Rdc8 36. Qe3 Rd8 37. Rc1 Rdc8 38. Bc3 Rd8 39. Bxb4 Nxb4 40. Qd4 Rdc8 41. Kf2 Rc6 42. Rc3 R8c7 43. Ke1 Rc8 44. Kd2 b6 45. Qf2 Rxc5 46.
Rc1 Kb7 47. Rxc5 Rxc5 48. Qe3 d4 49. Qf3+ Kc7 50. Qf2 Bb7 51. Bd3 Rd5 52. Bc4 Rd8 53. Bxe6 Be4 54. Bc4 d3 55. Qe3 Nc2 56. Qf2 Nd4 57. e6 Nf3+ 58. Kd1 d2 59. Be2 1-0

[Event "Late-Titled-Tuesday-Blitz-June-04-2024"]
[Site "Chess.com"]
[Date "2024.06.04"]
[Round "4"]
[White "glucolisis04"]
[Black "Bala-Afiada"]
[Result "1-0"]
[WhiteElo "2265"]
[BlackElo "2062"]
[TimeControl "180+1"]
[EndTime "14:39:32 PDT"]
[Termination "glucolisis04 won by resignation"]

1. d4 Nf6 2. c4 e6 3. Nc3 d5 4.
cxd5 exd5 5. Bg5 Be7 6. e3 O-O 7. Bd3 h6 8. Bf4 Nbd7 9. Qc2 c6 10. Nf3 Re8 11. O-O Nf8 12. Rab1 Bg4 13. Ne5 Be6 14. b4 N8d7 15. Rfc1 Nxe5 16. Bxe5 Ng4 17. Bg3 Bd6 18. b5 Bxg3 19. hxg3 h5 20. bxc6 bxc6 21. Ne2 h4 22. Qd2 hxg3 23. Nxg3 Qh4 24. Nf1 Rab8 25. Qe2 g6 26. Qf3 Kg7 27. Qg3 Qh5 28. Rxb8 Bc8 29.
Qh3 Qg5 30. Rxc8 Rxc8 31. Be2 f5 32. Bxg4 fxg4 33. Qg3 Rh8 34. Qe5+ Qxe5 35. dxe5 Rc8 36. Rc5 Kf7 37. Nd2 Ke6 38. f4 gxf3 39. Nxf3 Rc7 40. Kf2 Kf5 41. Nd4+ Kxe5 42. Rxc6 Rf7+ 43. Ke2 Re7 44.
Rxg6 Ke4 45. Rg4+ Ke5 46. Rg5+ Kf6 47. Rf5+ Kg6 48. Rxd5 Rb7 49. Rd6+ Kg5 50. Kf3 Rb1 51. Rd5+ Kg6 52. Rd6+ Kf7 53. Ra6 Rf1+ 54. Ke2 Rh1 55. Rxa7+ Kf6 56. Ra6+ Ke5 57. Re6+ Kd5 58. Rf6 Kc4 59.
Rf2 Ra1 60. Kf3 Rh1 61. g4 Rh8 62. g5 Rf8+ 63. Kg3 Kd5 64. Rxf8 1-0

[Event "Late-Titled-Tuesday-Blitz-June-04-2024"]
[Site "Chess.com"]
[Date "2024.06.04"]
[Round "4"]
[White "Semetey"]
[Black "Rodalquilar"]
[Result "0-1"]
[WhiteElo "2543"]
[BlackElo "2787"]
[TimeControl "180+1"]
[EndTime "14:39:34 PDT"]
[Termination "Rodalquilar won on time"]

1. e4 d5 2. exd5 Qxd5 3. Nc3 Qa5 4. d4 Nf6 5. Nf3 Bf5 6. Be2 e6 7. O-O Bb4 8. Bd2 Nc6 9. a3 Bxc3 10. Bxc3 Qb6 11. b4 O-O 12. Bb2 a5 13. b5 Ne7 14.
c4 c5 15. dxc5 Qxc5 16. Bd4 Qc7 17. Bxf6 gxf6 18. Qd4 Kg7 19. Qe3 Rac8 20. Nd4 Bg6 21. h4 Qc5 22. Rfd1 h6 23. Qg3 Kh8 24. Nb3 Qc7 25.
Qxc7 Rxc7 26. Nxa5 e5 27. Nb3 Bc2 28. Rdb1 Bxb1 29.
Rxb1 Ra8 30. Ra1 Ra4 31. g3 b6 32. Kf1 Rca7 33. Rd1 Rxa3 34. Rd8+ Kg7 35. Nd2 f5 36. Nf3 f6 37. Rb8 Ra1+ 38. Kg2 R1a2 39. Bf1 e4 40. Nd4 e3 41. Ne2 f4 42. gxf4 Nf5 43. Rxb6 Nxh4+ 44. Kg3 Nf5+ 45. Kg4 Kg6 46. fxe3 Nxe3+ 47. Kf3 Nxf1 48.
Nd4 Nd2+ 49. Kg4 h5+ 50. Kh4 Nxc4 51. f5+ Kg7 52. Ne6+ Kh7 53. Rb8 Rh2+ 54. Kg3 Rh1 55.
Nf8+ Kh6 56. Ng6 Kg5 57. b6 Ra3+ 58. Kg2 Rb1 0-1

[Event "Late-Titled-Tuesday-Blitz-June-04-2024"]
[Site "Chess.com"]
[Date "2024.06.04"]
[Round "4"]
[White "Szparu"]
[Black "oskariot"]
[Result "1-0"]
[WhiteElo "2987"]
[BlackElo "2689"]
[TimeControl "180+1"]
[EndTime "14:39:35 PDT"]
[Termination "Szparu won by resignation"]

1. Nf3 c5 2. e4 e6 3. c3 Nf6 4. e5 Nd5 5. d4 cxd4 6. cxd4 d6 7.
Bc4 Be7 8. O-O O-O 9. Qe2 a6 10. Rd1 b5 11. Bb3 Bb7 12. Bd2 Nd7 13. Nc3 Nxc3 14.
Bxc3 Bxf3 15. Qxf3 d5 16. Bc2 Rc8 17. Bd3 f5 18. exf6 Rxf6 19. Qg4 Bd6 20. Re1 Nf8 21. Bd2 Qd7 22. h3 Re8 23. Qh5 Ng6 24. Bg5 Rff8 25. Re3 Bf4 26. Bxf4 Rxf4 27. Bxg6 hxg6 28. Qxg6 Qf7 29.
Qxf7+ Kxf7 30. Rd1 Rc8 31. Rd2 Ke7 32. g3 Rff8 33. h4 Rc6 34. Kg2 Rfc8 35. Rde2 Kf7 36. Kh3 Re8 37. Kg4 Rc4 38. Rf3+ Kg8 39. Rf4 Rc6 40. Kg5 Rf8 41. Rxf8+ Kxf8 42. Re5 Kf7 43. Re2 Rc4 44. Rd2 Rc1 45. Kf4 Re1 46. f3 Kf6 47. g4 a5 48. Rc2 Rd1 49. Ke3 Re1+ 50. Re2 Rh1 51. h5 a4 52. Rc2 Re1+ 53. Kd2 Ra1 54. a3 Rf1 55. Ke2 Rb1 56. Kf2 Rd1 57. Ke3 Re1+ 58. Re2 Rb1 59. Kf4 Rd1 60. g5+ Kf7 61. Ke5 Rd3 62. Kd6 Rxf3 63. Rxe6 Rb3 64.
g6+ Kf8 65. Kd7 1-0

[Event "Late-Titled-Tuesday-Blitz-June-04-2024"]
[Site "Chess.com"]
[Date "2024.06.04"]
[Round "4"]
[White "AradNazari"]
[Black "yobdc"]
[Result "0-1"]
[WhiteElo "2724"]
[BlackElo "2552"]
[TimeControl "180+1"]
[EndTime "14:39:35 PDT"]
[Termination "yobdc won by checkmate"]

1. Na3 e5 2. c3 Bxa3 3. bxa3 Nf6 4. g3 d5 5. Bg2 Nc6 6. a4 O-O 7. Ba3 Re8 8. d3 e4 9. dxe4 Nxe4 10. Rc1 Qf6 11.
Bxe4 dxe4 12. Bc5 Bg4 13. h3 Rad8 14. Qb3 Be6 15. Qxb7 Bd5 16. Be3 Ne5 17. Qxc7 a6 18. h4 Nc4 19. Qf4 Qc6 20. Nh3 h6 21. O-O Qxa4 22. Bd4 Qxa2 23. Qg4 Ne5 24. Qh5 Ng6 25.
Ra1 Qc2 26. Rfc1 Qd2 27. Be3 Qb2 28. Rxa6 Bc4 29. Rxg6 fxg6 30. Qxg6 Bf7 31. Qa6 Ra8 32. Qc6 Ra1 33. Rxa1 Qxa1+ 34. Kg2 Qa8 35. Qc5 Qc8 36. Qd4 Qg4 37. Nf4 Be6 38. c4 Bc8 39. c5 Kh7 40. c6 Qf5 41. Qc3 g5 42. hxg5 hxg5 43. Qb4 gxf4 44. Bxf4 Qf7 45. Qc5 Qf5 46. Qd6 Be6 47. Qc7+ Kg6 48. Be5 Qf7 49. Qd6 Ra8 50. c7 Rc8 51.
Qd4 Bf5 52. g4 Bxg4 53. Qxe4+ Bf5 54. Qc6+ Qe6 55. Qc5 Kf7 56. f3 Qd7 57. e4 Rg8+ 58. Bg3 Be6 59. Qe3 Qxc7 60. f4 Qc2+ 61. Kf3 Bg4# 0-1